 Dungeon Crawl Stone Soup version 0.19-a0-526-gbe2e51c (webtiles) character file.

23 nubinia the Conjurer (level 2, -1/15 HPs)
             Began as a Tengu Conjurer on June 7, 2016.
             Slain by a worm (10 damage)
             ... on level 2 of the Dungeon.
             The game lasted 00:04:14 (1032 turns).

nubinia the Conjurer (Tengu Conjurer)               Turns: 1032, Time: 00:04:14

Health: -1/15      AC:  3    Str:  8    XL:     2   Next: 95%
Magic:  0/6        EV: 13    Int: 15    God:
Gold:   34         SH:  0    Dex: 14    Spells: 1 memorised, 4 levels left

rFire  . . .     SeeInvis .     f - +0 club
rCold  . . .     Gourm    .     a - +0 robe
rNeg   . . .     Faith    .     (no shield)
rPois  .         Spirit   .     (helmet restricted)
rElec  .         Dismiss  .     j - +0 cloak
rCorr  .         Reflect  .     (no gloves)
SustAt .         Harm     .     (boots unavailable)
MR     .....                    (no amulet)
Stlth  ++........               (no ring)
                                (no ring)

@: not resistant to hostile enchantments, unstealthy
A: beak, talons 3
a: no special abilities


You were on level 2 of the Dungeon.
You were not hungry.

You visited 1 branch of the dungeon, and saw 2 of its levels.

You collected 34 gold pieces.

Inventory:

Hand Weapons
 f - a +0 club (weapon)
Armour
 a - a +0 robe (worn)
 j - a +0 cloak (worn)
Scrolls
 g - a scroll of remove curse
 h - a scroll of enchant armour {unknown}
 i - a scroll of fear {unknown}
 k - 3 scrolls of identify {unknown}
Potions
 e - a potion of agility
 l - a potion of haste {unknown}
 m - a potion of lignification {unknown}
Books
 b - a book of Conjurations

   Spells                             Type                      Level
   a - Magic Dart                     Conjuration                  1
   b - Searing Ray                    Conjuration                  2
   c - Dazzling Spray                 Conjuration/Hexes            3
   d - Fulminant Prism                Conjuration/Hexes            4
   e - Iskenderun's Mystic Blast      Conjuration                  4
   f - Iskenderun's Battlesphere      Conjuration/Charms           5
 o - a book of the Warp

   Spells                             Type                      Level
   a - Recall                         Summoning/Translocation      3
   b - Gell's Gravitas                Hexes/Translocation          3
   c - Force Lance                    Conjuration/Translocation    4
   d - Warp Weapon                    Charms/Translocation         5
   e - Summon Forest                  Summoning/Translocation      5
Comestibles
 c - a bread ration
 d - a meat ration
 n - 4 chunks of flesh


   Skills:
 + Level 2.4 Dodging
 + Level 2.2 Stealth
 + Level 2.1 Spellcasting
 + Level 6.0 Conjurations


You had 4 spell levels left.
You knew the following spells:

 Your Spells              Type           Power        Failure   Level  Hunger
a - Magic Dart            Conj           ###.         1%          1    #......


Dungeon Overview and Level Annotations

Branches:
Dungeon (2/15)

Altars:
Fedhas


Innate Abilities, Weirdness & Mutations

You have a beak for a mouth.
You have claws for feet.


Message History

The magic dart hits the worm.
The worm is severely wounded.
You hit the worm.
The worm is severely wounded.
The worm barely misses you.
Unknown command.
Unknown command.
Unknown command.
Casting: Magic Dart
Confirm with . or Enter, or press ? or * to list all spells.
Aiming: Magic Dart
Press: ? - help, Shift-Dir - straight line, f/p - worm
Aim: a worm (severely wounded)
The magic dart hits the worm.
The worm is almost dead.
You hit the worm but do no damage. You peck the worm.
The worm is almost dead.
The worm bites you!
Ouch! That really hurt!
You die...

#.. ... ##.### . ....#
######## #.######.#.# # .
..... .......<#.#.#### #
#..#####.>#.............
###..#.<....#.......#.####
#....#..........@####.#
...[...####.####w.(...#
#....#.##.....##)######
#.#.##.#.......#.##
#.#.##.#.......#..#
#...##....._......
######.#.......#...
..####.#.......#..#
.......##.....##..#


You could see a worm.

Vanquished Creatures
  A worm (D:2)
  A dart slug (D:1)
  2 goblins (D:1)
  3 hobgoblins (D:1)
  3 jackals (D:2)
  A bat (D:1)
  A giant newt (D:1)
  2 kobolds (D:1)
  3 rats
17 creatures vanquished.

Notes
Turn   | Place    | Note
--------------------------------------------------------------
     0 | D:1      | nubinia the Tengu Conjurer began the quest for the Orb.
     0 | D:1      | Reached XP level 1. HP: 10/10 MP: 4/4
   162 | D:1      | Reached XP level 2. HP: 15/15 MP: 0/6
   776 | D:2      | Found a blossoming altar of Fedhas.
   861 | D:2      | Reached skill level 6 in Conjurations
  1032 | D:2      | Slain by a worm

Vault maps used:
D:1:      lemuel_arrival_river_passageway
D:2:      old_standard_altar, uniq_iyjb

Skill      XL: |  1  2 |
---------------+-------+-----
Conjurations   | 6 |  6.0
Dodging        | |  2.4
Stealth        | |  2.2
Spellcasting   | |  2.1

Action                   || total
-------------------------++-------
Melee: Club              ||    26
       Kick              ||     4
       Peck              ||     3
 Cast: Magic Dart        ||    38
  Use: Potion            ||     1
       Scroll            ||     1
  Eat: Chunk             ||     1
Armor: Robe              ||    14
Dodge: Dodged            ||    27
